 Dungeon Crawl Stone Soup version 0.29.1 (webtiles) character file.

Game seed: 3501302390361366264

75 Hubris850 the Chiller (level 4, -7/24 HPs)
             Began as a Gargoyle Ice Elementalist on Sept 13, 2022.
             Killed by divine providence
             ... invoked by an orc priest
              (16 damage)
             ... on level 3 of the Dungeon.
             The game lasted 00:07:23 (3180 turns).

Hubris850 the Chiller (Gargoyle Ice Elementalist)   Turns: 3180, Time: 00:07:23

Health: -7/24      AC:  9    Str: 17    XL:     4   Next: 31%
Magic:  4/7        EV: 11    Int: 18    God:
Gold:   173        SH:  0    Dex: 10    Spells: 3/7 levels left

rFire   + . .      SeeInvis .   v - +7 trident of Kiklopsa {freeze, rElec}
rCold   . . .      Faith    .   (no shield)
rNeg    + . .      Spirit   .   g - +0 ring mail
rPois   ∞          Reflect  .   (no helmet)
rElec   +          Harm     .   (no cloak)
rCorr   .          Rampage  .   A - +0 pair of gloves
Will    .....                   (no boots)
Stlth   +.........              (no amulet)
HPRegen 0.08/turn               p - +6 ring of strength
MPRegen 0.10/turn               t - ring of protection from fire

@: freezing walls
A: sickness immunity, AC +3, negative energy resistance 1, electricity
resistance, torment resistance 1, petrification resistance
a: no special abilities


You were on level 3 of the Dungeon.
You visited 1 branch of the dungeon, and saw 3 of its levels.

You collected 173 gold pieces.

Inventory:

Hand Weapons
 f - a +0 hand axe
 i - a +0 sling
 j - a +0 mace
 v - the +7 trident of Kiklopsa (weapon) {freeze, rElec}
   (You found it on level 3 of the Dungeon)

   It freezes those it strikes, dealing additional cold damage.
   It can also slow down cold-blooded creatures.
   rElec:     It insulates you from electricity.
Missiles
 w - 7 poisoned darts
 y - 4 boomerangs
Armour
 a - a +0 robe
 g - a +0 ring mail (worn)
 A - a +0 pair of gloves (worn)
Jewellery
 p - a +6 ring of strength (left hand)
 t - a ring of protection from fire (right hand)
 u - a ring of protection from cold
Wands
 x - a wand of light (10)
Scrolls
 e - 5 scrolls of identify {unknown}
 h - a scroll of immolation {unknown}
 k - a scroll of brand weapon {unknown}
 m - 2 scrolls of enchant weapon {unknown}
 n - a scroll of poison {unknown}
 r - 2 scrolls of fog {unknown}
Potions
 b - a potion of magic
 c - a potion of curing {unknown}
 d - a potion of degeneration {unknown}
 l - a potion of attraction {unknown}
 o - 2 potions of heal wounds {unknown}
 q - a potion of brilliance {unknown}
 s - a potion of mutation {unknown}
 z - a potion of lignification {unknown}


   Skills:
 - Level 0.5 Maces & Flails
 + Level 0.3 Polearms
 + Level 1.4 Armour
 + Level 2.1 Dodging
 + Level 2.8 Stealth
 + Level 2.4 Spellcasting
 + Level 4.3 Ice Magic


You had 3 spell levels left.
You knew the following spells:

 Your Spells              Type           Power      Damage    Failure   Level
a - Freeze                Ice            68%        1d8       5%          1
b - Frozen Ramparts       Ice            34%        1d6       16%         3

Your spell library contained the following spells:

 Spells                   Type           Power      Damage    Failure   Level
 Ozocubu's Armour         Ice            17%        N/A       16%         3
 Summon Small Mammal      Summ           8%         N/A       30%         1
 Call Canine Familiar     Summ           2%         N/A       67%         3
 Conjure Flame            Conj/Fire      2%         6-21      67%         3
 Ignite Poison            Fire/Tmut/Pois 2%         N/A       67%         3
 Summon Guardian Golem    Hex/Summ       2%         N/A       67%         3
 Hailstorm                Conj/Ice       10%        3d5       77%         4
 Sticky Flame             Conj/Fire      2%         2d3       97%         4
 Summon Forest            Summ/Tloc      1%         N/A       100%        5
 Summon Mana Viper        Hex/Summ       2%         N/A       100%        5
 Summon Cactus Giant      Summ           1%         N/A       100%        6


Dungeon Overview and Level Annotations

Branches:
Dungeon (3/15)

Altars:
Kikubaaqudgha
Okawaru

Annotations:
D:3 2 transporters, airbud's ghost, amateur DjFE


Innate Abilities, Weirdness & Mutations

You are immune to sickness and miasma.
Your stone body is resilient. (AC +3)
You are immune to poison.
You resist negative energy. (rN+)
You are resistant to electric shocks. (rElec)
You are resistant to unholy torment.
You are immune to petrification.


Message History

You kill the ball python!
The frilled lizard closely misses you.
You puncture the frilled lizard! You freeze the frilled lizard.
You kill the frilled lizard!
No target in view!
You open the door.
There is an open door here.
You open the door.
There is an open door here.
An orc comes into view. It is wielding a +1 dagger of draining.
An orc priest comes into view. It is wielding a +0 mace.
The orc shouts!
The orc priest shouts!
The orc throws a boomerang.
The boomerang hits you but does no damage.
An orc priest comes into view. It is wielding a +0 hand axe.
The orc priest invokes the aid of Beogh against you.
Beogh smites you!
Ouch! That really hurt!
You are too injured to fight recklessly!
You are too injured to fight recklessly!
The orc priest shouts!
An orc comes into view. It is wielding a +0 whip.
Casting: Frozen Ramparts (quite dangerous; 16% risk of failure)
Confirm with . or Enter, or press ? or * to list all spells.
The spell is quite dangerous to miscast (16% risk of failure)!
Continue anyway? [Y]es or [N]o only, please.
The spell is quite dangerous to miscast (16% risk of failure)!
Continue anyway?
Casting: Frozen Ramparts (quite dangerous; 16% risk of failure)
Press: ? - help, Dir - look around, f - activate The walls around you are covered in ice.
The wall freezes the orc.
The wall freezes the orc priest.
You puncture the orc! You freeze the orc.
You kill the orc!
The wall freezes the orc priest.
The orc priest invokes the aid of Beogh against you.
Pain shoots through your body!
The wall freezes the orc priest.
The orc priest invokes the aid of Beogh against you.
Beogh smites you!
Ouch! That really hurt!
You die...

.....##...######
.....##.### <....##.#
### ......... ...
.....#... #o.
.......... #o#
.....#...# #o#
#######.## #)# # #@#
# #.# # ##+# #.# .# #
##...## #.##.##.#
##.....## #.......#
##.......## ##.#.####
###.........####....#
..'.........'.......#
###.........####....#


You could see 2 orc priests and an orc.

Vanquished Creatures
  2 adders (D:3)
  A worm (D:3)
  A dart slug (D:1)
  2 orcs (D:3)
  3 ball pythons
  2 bats (D:2)
  3 endoplasms
  3 giant cockroaches
  8 goblins
  5 hobgoblins
  7 jackals
  2 kobolds
  A quokka (D:2)
  A frilled lizard (D:3)
  4 rats
45 creatures vanquished.

Notes
Turn   | Place    | Note
-------+----------+-------------------------------------------
     0 | D:1      | Hubris850 the Gargoyle Ice Elementalist began the quest for
                  | the Orb.
     0 | D:1      | Reached XP level 1. HP: 10/10 MP: 3/3
     2 | D:1      | You fall into a shaft and drop 1 floor!
    43 | D:2      | Found an ancient bone altar of Kikubaaqudgha.
   234 | D:2      | Reached XP level 2. HP: 15/15 MP: 3/5
   658 | D:1      | Reached XP level 3. HP: 10/19 MP: 6/6
  1109 | D:2      | Learned a level 3 spell: Frozen Ramparts
  1206 | D:2      | Reached skill level 1 in Armour
  2155 | D:3      | Identified the +7 trident of Kiklopsa {freeze, rElec}
  2155 | D:3      | Noticed airbud's ghost (amateur DjFE)
  2172 | D:3      | Found a transporter.
  2187 | D:3      | Reached XP level 4. HP: 5/24 MP: 3/7
  2532 | D:3      | Found a transporter.
  2559 | D:3      | Found a faded altar of an unknown god.
  2655 | D:3      | Found an iron altar of Okawaru.
  3180 | D:3      | Killed from afar by an orc priest

Illustrated notes

Levels and vault maps discovered:
D:1:      dpeg_arrival_lava_temple_mockup, layout_basic
D:2:      layout_basic, basic_altar, bh_walls_and_bars
D:3:      layout_loops_corners, overflow_temple_1_default,
          gammafunk_ghost_stat_death, chequers_ecumenical_altar_island,
          hangedman_decor_push

Skill      XL: |  1  2  3 |
---------------+----------+-----
Dodging        | 2 |  2.1
Armour         | 1 |  1.4
Maces & Flails | |  0.5
Polearms       | |  0.3
Stealth        | |  2.8
Spellcasting   | |  2.4
Ice Magic      | |  4.3

Action                   |  1- 3 |  4- 6 || total
-------------------------+-------+-------++-------
Melee: Mace              |    60 |       ||    60
       Hand axe          |     2 |       ||     2
       Punch             |     2 |       ||     2
       Trident           |     9 |    14 ||    23
 Cast: Freeze            |    11 |       ||    11
       Frozen Ramparts   |     2 |     1 ||     3
 Stab: Sleeping          |       |     1 ||     1
Armor: Ring mail         |    38 |     1 ||    39
Dodge: Dodged            |    56 |     4 ||    60
